 Dungeon Crawl Stone Soup version 0.30.0-5-g1a98f26d00 (webtiles) character file.

Game seed: 15062635471499701483

587 backslashecho the Chopper (level 7, -3/63 HPs)
             Began as a Hill Orc Monk on May 10, 2023.
             Was a Believer of Beogh.
             Killed by nerve-wracking pain
             ... invoked by Menkaure
              (11 damage)
             ... on level 5 of the Dungeon.
             The game lasted 00:08:39 (4296 turns).

backslashecho the Chopper (Hill Orc Monk)           Turns: 4296, Time: 00:08:40

Health: -3/63      AC: 11    Str: 22    XL:     7   Next: 38%
Magic:  8/8        EV:  9    Int: 10    God:    Beogh [**....]
Gold:   62         SH:  3    Dex: 13    Spells: 6/6 levels left

rFire   . . .        w - +3 war axe
rCold   . . .        v - +0 buckler
rNeg    . . .        q - +0 chain mail
rPois   .            j - +0 helmet
rElec   .            (no cloak)
rCorr   +            l - +0 pair of gloves
SInv    .            o - +0 pair of boots
Will    .....        (no amulet) Stlth
                     k - +6 ring of strength
HPRegen 0.30/turn    u - ring of resist corrosion
MPRegen 0.11/turn

%: no passive effects
@: studying Stealth, invisible
A: no striking features
a: Renounce Religion, Smiting


You were on level 5 of the Dungeon.
You worshipped Beogh.
Beogh was pleased with you.
You visited 1 branch of the dungeon, and saw 5 of its levels.
You also visited: Sewer.

You collected 307 gold pieces.
You spent 245 gold pieces at shops.

Inventory:

Hand Weapons
 a - a +0 hand axe
 w - a +3 war axe (weapon)
 y - a +1 dagger of venom
Missiles
 f - 2 javelins (quivered)
 h - 3 boomerangs
 p - 16 poisoned darts
Armour
 d - an orb of light
 j - a +0 helmet (worn)
 l - a +0 pair of gloves (worn)
 o - a +0 pair of boots (worn)
 q - a +0 chain mail (worn)
 v - a +0 buckler (worn)
 x - a +0 leather armour of cold resistance
Jewellery
 k - a +6 ring of strength (left hand)
 u - a ring of resist corrosion (right hand)
Wands
 A - a wand of polymorph (11)
Scrolls
 e - a scroll of fog
 g - 2 scrolls of torment
 i - 2 scrolls of noise
 z - 2 scrolls of blinking
Potions
 b - 2 potions of haste
 c - a potion of ambrosia
 m - a potion of flight
 n - 2 potions of mutation
 r - a potion of invisibility
 s - a potion of brilliance
 t - 2 potions of attraction


   Skills:
 + Level 6.1 Fighting
 * Level 7.0 Axes
 + Level 1.6 Armour
 - Level 4.0 Dodging
 - Level 1.0 Unarmed Combat
 + Level 2.0 Invocations


You had 6 spell levels left.
You didn't know any spells.
Your spell library contained the following spells:

 Spells                   Type           Power      Damage    Failure   Level
 Cigotuvi's Dreadful Rot  Necr/Pois/Air  0%         N/A       99%         2
 Poisonous Vapours        Pois/Air       0%         N/A       99%         2
 Ignite Poison            Fire/Tmut/Pois 0%         N/A       100%        3
 Mephitic Cloud           Conj/Pois/Air  0%         N/A       100%        3
 Summon Guardian Golem    Hex/Summ       0%         N/A       100%        3
 Freezing Cloud           Conj/Ice/Air   0%         6-21      100%        5
 Orb of Destruction       Conj           0%         9d5       100%        7
 Spellforged Servitor     Conj/Summ      0%         N/A       100%        7


Dungeon Overview and Level Annotations

Branches:
Dungeon (5/15)              Sewer (visited)
 Temple: D:4-7

Altars:
Makhleb
Okawaru
Ru
Uskayaw
Wu Jian

Shops:
D:2 (   D:4 ??

Annotations:
D:5 Menkaure


Message History

Beogh accepts your kill.
Menkaure gestures at you while chanting.
Pain shoots through your body!
* * * LOW HITPOINT WARNING * * *
Your Invocations skill increases to level 2!
You take 5 damage, and have 10/63 hp.
Aiming: Polymorph
Press: ? - help, Shift-Dir - straight line, f - Menkaure
Aim: Menkaure (fast, not susceptible)
Okay, then.
Unknown command.
w - a +3 war axe (weapon)
You hit the lemure.
The lemure is lightly wounded.
The lemure hits you.
* * * LOW HITPOINT WARNING * * *
You take 1 damage, and have 9/63 hp.
You fade into invisibility!
Menkaure calls on the powers of darkness!
Your body is wracked with pain!
* * * LOW HITPOINT WARNING * * *
Pikel convulses!
The lemure hits you but does no damage.
A jelly comes into view.
Menkaure shouts, "The sands of time shall wipe you from history!"
The jelly quivers.
You take 3 damage, and have 6/63 hp.
Pikel says, "Asmodeus and me are pals.
He gave me this whip."
Okay, then.
Throw: 4 javelins
Press: ? - help, Q - select action, (/) - cycle Shift-Dir - straight line, f - Menkaure
Aim: Menkaure (fast, 75% to hit)
You throw a javelin. The javelin pierces through the lemure!
The lemure is moderately wounded.
The javelin pierces through Menkaure.
Menkaure is moderately damaged.
Throw: 3 javelins
Press: ? - help, Q - select action, (/) - cycle Shift-Dir - straight line, f/p - Menkaure
Aim: Menkaure (moderately damaged, fast, 75% to hit)
You throw a javelin. The javelin pierces through the lemure.
The lemure is heavily wounded.
The javelin pierces through Pikel!
You kill Pikel!
Beogh accepts your kill.
The javelin pierces through Menkaure.
Menkaure is moderately damaged.
With Pikel's spell broken, his former minions thank you for their freedom.
The lemure departs this earthly plane. x3
Menkaure gestures at you while chanting.
Pain shoots through your body!
You die...

#...##.## ######.. ..# #.....#
#.# #.....# #.# . .
######.....# #.# ... ..
#...##.....# #.####
.....#'###...##.....###.....
......§J§#...##.........######
.....#'#M).§.@...............>
... #.###...#..........#####.
5 .. #...#..........# #. #.M
#...#......##### #. ###
#...#...#### #. .####...# #.
#. #...# #. #. ##### #.


You could see Menkaure (fast) and a jelly.

Vanquished Creatures
  Pikel (D:5)
  An ice beast (D:5)
  Pargi (Sewer)
  A scorpion (D:5)
  A jelly (D:5)
  2 hounds
  An orc priest (D:4)
  Jessica (D:3)
  Terence (D:3)
  2 orc wizards
  6 adders
  4 dart slugs
  5 orcs
  5 endoplasms
  9 giant cockroaches
  9 goblins
  6 hobgoblins
  3 jackals
  6 quokkas
  3 ball pythons
  7 bats
  2 frilled lizards
  10 kobolds
  6 rats
93 creatures vanquished.

Vanquished Creatures (others)
  A ball python (D:3)
1 creature vanquished.

Grand Total: 94 creatures vanquished

Notes
Turn   | Place    | Note
-------+----------+-------------------------------------------
     0 | D:1      | backslashecho the Hill Orc Monk began the quest for the
                  | Orb.
     0 | D:1      | Reached XP level 1. HP: 19/19 MP: 1/1
   167 | D:1      | Reached XP level 2. HP: 27/27 MP: 2/2
   199 | D:1      | Reached skill level 1 in Unarmed Combat
   317 | D:1      | Reached XP level 3. HP: 33/33 MP: 3/3
  1259 | D:2      | Reached XP level 4. HP: 41/41 MP: 4/4
  1345 | D:2      | Found Qeptamnu's Antique Weapon Shoppe.
  1593 | D:3      | Noticed Jessica
  1598 | D:3      | Killed Jessica
  1599 | D:3      | Reached skill level 5 in Axes
  1657 | D:3      | Noticed Terence
  1671 | D:3      | Killed Terence
  1672 | D:3      | Reached XP level 5. HP: 25/47 MP: 5/5
  1799 | D:3      | Reached skill level 5 in Fighting
  1807 | D:3      | Became a worshipper of Beogh the Brigand
  1807 | D:3      | Reached * piety under Beogh
  1807 | D:3      | Reached ** piety under Beogh
  2324 | D:3      | Found an ornate altar of the Wu Jian Council.
  2364 | D:3      | Found an iron altar of Okawaru.
  2533 | D:3      | Found a burning altar of Makhleb.
  2799 | D:4      | Found Huwnauje's Magic Scroll Shoppe.
  2810 | D:4      | Bought a scroll of magic mapping for 97 gold pieces
  2907 | D:4      | Found a glowing drain.
  2921 | Sewer    | Entered a sewer
  2936 | Sewer    | Noticed Pargi
  3038 | Sewer    | Killed Pargi
  3039 | Sewer    | Reached skill level 6 in Axes
  3039 | Sewer    | Reached XP level 6. HP: 45/56 MP: 6/6
  3390 | D:4      | Noticed a +0 dagger
  3390 | D:4      | Noticed a +0 dagger
  3394 | D:4      | Found a hide-covered altar of Uskayaw.
  3435 | D:4      | Found Ubrenibi's Magic Scroll Shop.
  3441 | D:4      | Bought a scroll of blinking for 82 gold pieces
  3441 | D:4      | Bought a scroll of identify for 22 gold pieces
  3441 | D:4      | Bought a scroll of identify for 22 gold pieces
  3441 | D:4      | Bought a scroll of identify for 22 gold pieces
  3952 | D:5      | Entered Level 5 of the Dungeon
  4035 | D:5      | Reached skill level 1 in Armour
  4035 | D:5      | Reached skill level 1 in Invocations
  4035 | D:5      | Reached XP level 7. HP: 22/62 MP: 6/8
  4248 | D:5      | Found a sacrificial altar of Ru.
  4260 | D:5      | Noticed Pikel
  4262 | D:5      | Noticed Menkaure
  4285 | D:5      | Reached skill level 7 in Axes
  4296 | D:5      | Killed Pikel
  4296 | D:5      | Killed from afar by Menkaure

Illustrated notes

Levels and vault maps discovered:
D:1:      onia_arrival_mini_spirals, layout_basic, minmay_strange_pillars
D:2:      layout_loops_ring, serial_shops, shop, minmay_ruptured
D:3:      layout_loops_ring, mainiacjoe_overflow_small_starburst,
          mainiacjoe_overflow_alcove_1, mainiacjoe_overflow_alcove_2,
          uniq_jessica, uniq_terence
D:4:      layout_loops_ring, dancing_weapons_uskayaw, gup_sewer_entry_bubbles,
          serial_shops, nicolae_shop_advertising_works
          [nicolae_subvault_shop_adworks], shop
D:5:      layout_basic, kennysheep_mini, uniq_sigmund, uniq_menkaure,
          uniq_crazy_yiuf_cottage, uniq_prince_ribbit1, uniq_grinder, uniq_pikel

Skill      XL: |  1  2  3  4  5  6  7 |
---------------+----------------------+-----
Unarmed Combat | 1 |  1.0
Fighting       | 4 5 6 |  6.1
Dodging        | 3 4 |  4.0
Axes           | 5 6 7 |  7.0
Armour         | 1 |  1.6
Invocations    | 1 2 |  2.0

Action                     |  1- 3 |  4- 6 |  7- 9 || total
---------------------------+-------+-------+-------++-------
  Melee: Hand axe          |    93 |   161 |    24 ||   278
         War axe           |       |       |     1 ||     1
  Throw: Dart              |       |     7 |     1 ||     8
         Boomerang         |       |       |     7 ||     7
         Javelin           |       |       |     2 ||     2
 Invoke: Convert to Beogh  |       |     1 |       ||     1
         Smiting           |       |     1 |       ||     1
    Use: Scroll            |       |    13 |       ||    13
         Potion            |       |     2 |     1 ||     3
 Armour: Robe              |    24 |    12 |       ||    36
         Chain mail        |       |    66 |    12 ||    78
  Dodge: Dodged            |    68 |    91 |    10 ||   169
  Block: Buckler           |       |     5 |     4 ||     9
